Icehogs vs Sound Tigers

Created - March 6, 2023 at 19:29

Goals
1 2 3 T
Icehogs 2 3 1 6
Sound Tigers 2 0 2 4
Shots
1 2 3 T
Icehogs 7 12 10 29
Sound Tigers 15 8 5 28

1st period

1. Icehogs , Frederik Gauthier 24 (J.T. Brown 17, Andrew Mangiapane 15) at 5:18
2. Icehogs , Dillon Dube 2 (Myles Bell 9, Mike Reilly 29) at 7:57
3. Sound Tigers , Slater Koekkoek 3 (Alex Tuch 43, Ryan Hartman 13) at 13:59 (PP)
4. Sound Tigers , Borna Rendulic 22 (Gabriel Carlsson 13) at 16:31

Penalties :
Rhett Gardner (BRI) for Goalie Interference (Minor) at 11:19, Patrick Sieloff (Roc) for Holding (Minor) at 13:51, Andrew Mangiapane (Roc) for Cross-checking (Minor) at 14:10

2nd period

5. Icehogs , J.T. Brown 11 (Andrew Mangiapane 16, Duncan Siemens 8) at 8:36
6. Icehogs , Frederik Gauthier 25 (J.T. Brown 18) at 10:03 (PP)
7. Icehogs , Patrick Russell 2 (Myles Bell 10, Duncan Siemens 9) at 19:45

Penalties :
James Livingstone (BRI) for Hooking (Minor) at 1:37, Miro Heiskanen (BRI) for Hooking (Minor) at 9:57, Jakub Galvas (BRI) for Interference (Minor) at 11:38

3rd period

8. Sound Tigers , Borna Rendulic 23 (Joe Labate 12, Garret Ross 32) at 8:32
9. Icehogs , Hudson Fasching 14 (Tanner Richard 24, Jeremy Davies 4) at 9:17
10. Sound Tigers , Pavel Kraskovsky 23 (Ben Thomson 15) at 10:07

Penalties :
Ryan Hartman (BRI) for Hooking (Minor) at 2:21, Nick Mattson (Roc) for Hooking (Minor) at 4:30, Jakub Galvas (BRI) for Tripping (Minor) at 12:34, Duncan Siemens (Roc) for Roughing (Minor) at 16:01

Goalie Stats

Mark Visentin (Roc), 24 saves from 28 shots - (0.857), W, 26-10-6, 60:00 minutes
Chris Driedger (BRI), 8 saves from 12 shots - (0.667), 30:03 minutes
Pavel Francouz (BRI), 15 saves from 17 shots - (0.882), L, 21-11-1, 29:57 minutes

Players Stats for Icehogs

Player Name              G  A  P  +/- PIM S  H  SB GA TA FO     MP     PP MP  PK MP  
------------------------------------------------------------------------------------
Andrew Mangiapane        0  2  2   0  2   1  2  1  0  0  2/3    22:01   5:20   1:44 
Andrew Poturalski        0  0  0   0  0   0  0  0  0  0  0/0     0:38   0:14   0:00 
Calle Andersson          0  0  0   0  0   0  0  0  0  0  0/0     3:08   0:00   0:28 
Dillon Dube              1  0  1   2  0   1  0  0  0  0  5/6     6:29   0:00   0:00 
Duncan Siemens           0  2  2   3  2   0  0  4  0  0  0/0    10:16   0:00   0:09 
Frederik Gauthier        2  0  2   0  0   4  0  1  1  1  12/37  24:06   5:34   3:33 
Hudson Fasching          1  0  1   1  0   3  3  0  0  1  0/1    16:03   4:27   0:00 
J.T. Brown               1  2  3   1  0   3  1  0  3  0  0/1    21:05   5:20   1:09 
Jeremy Davies            0  1  1   3  0   0  0  2  0  0  0/0    10:37   0:00   0:53 
JJ. Piccinich            0  0  0   0  0   0  0  0  0  0  0/0     2:01   0:00   1:35 
Julius Honka             0  0  0   0  0   2  4  1  0  1  0/0    21:01   4:30   2:34 
Mattias Janmark          0  0  0   0  0   0  0  0  1  0  0/0     1:13   0:14   0:09 
Michael Chaput           0  0  0  -1  0   2  2  0  0  0  3/5    11:09   0:00   0:37 
Mike Reilly              0  1  1  -1  0   1  0  3  0  1  0/0    26:26   5:31   3:22 
Mikhail Grigorenko       0  0  0   1  0   1  0  0  2  1  0/0    16:03   4:27   0:00 
Myles Bell               0  2  2   2  0   2  1  0  0  0  0/0     6:29   0:00   0:00 
Nick Mattson             0  0  0  -1  2   2  3  1  0  1  0/0    27:53   5:31   2:10 
Nick Paul                0  0  0  -1  0   3  1  0  0  0  0/0    10:08   0:00   0:00 
Nikita Scherbak          0  0  0  -1  0   0  3  0  0  0  0/0    10:08   0:00   0:00 
Patrick Russell          1  0  1   2  0   1  0  0  0  0  0/0     6:29   0:00   0:00 
Patrick Sieloff          0  0  0   0  2   2  0  1  0  0  0/0    21:00   4:30   2:34 
Tanner Richard           0  1  1   0  0   1  3  1  0  1  8/16   19:28   4:27   3:23 

Players Stats for Sound Tigers

Player Name              G  A  P  +/- PIM S  H  SB GA TA FO     MP     PP MP  PK MP  
------------------------------------------------------------------------------------
Alex Tuch                0  1  1  -1  0   2  0  2  0  0  5/10   23:18   3:08   5:19 
Ben Thomson              0  1  1   0  0   2  0  0  1  0  0/0    12:44   0:07   2:22 
Borna Rendulic           2  0  2  -1  0   2  1  0  1  0  0/0    15:42   2:50   0:00 
Brad Ross                0  0  0   0  0   0  0  0  0  0  1/1     2:19   0:07   0:00 
Casey Staum              0  0  0  -3  0   0  1  1  0  1  0/0     9:59   0:19   0:00 
Gabriel Carlsson         0  1  1   1  0   2  1  3  1  0  0/0    27:33   3:08   5:53 
Garret Ross              0  1  1  -1  0   3  3  0  0  0  0/1    18:03   2:50   2:29 
Greg Pateryn             0  0  0   0  0   0  0  0  0  0  0/0     3:45   0:00   1:45 
Jakub Galvas             0  0  0   0  4   0  0  0  0  0  0/0    20:49   2:57   2:26 
James Livingstone        0  0  0  -1  2   3  1  1  0  1  1/1    19:46   3:15   1:46 
Joe Labate               0  1  1  -1  0   1  2  0  0  1  6/15   17:30   2:50   1:12 
Josh Archibald           0  0  0   0  0   0  0  1  0  0  0/0     6:06   0:00   0:00 
Miro Heiskanen           0  0  0   0  2   3  0  1  0  3  0/0    21:57   2:57   4:21 
Pavel Kraskovsky         1  0  1   0  0   3  0  0  0  0  5/8     9:02   0:00   0:00 
Rhett Gardner            0  0  0  -3  2   1  0  2  0  1  1/1    13:41   0:00   0:00 
Ross Colton              0  0  0   0  0   0  0  0  2  0  1/2    11:58   0:00   2:39 
Ryan Hartman             0  1  1  -1  2   2  0  0  1  0  19/30  22:12   3:08   4:15 
Slater Koekkoek          1  0  1   1  0   2  1  2  1  0  0/0    27:23   2:49   5:37 
Tyrell Goulbourne        0  0  0   0  0   2  1  0  0  0  0/0     6:06   0:00   0:00 

3 Stars

1 - J.T. Brown (Roc)
2 - Frederik Gauthier (Roc)
3 - Hudson Fasching (Roc)

Power Play

Icehogs - 1 on 6 Attempt(s) - 16.67%
Sound Tigers - 1 on 4 Attempt(s) - 25.00%

Penalty Kill

Icehogs - 3 on 4 Attempt(s) - 75.00% - Score 0 goal in Penalty Kill
Sound Tigers - 5 on 6 Attempt(s) - 83.33% - Score 0 goal in Penalty Kill

Team Stat

Icehogs - Hits : 23 - Faceoff Wins : 30 - Blocked Shots : 15 - Penalty Minutes : 8
Sound Tigers - Hits : 11 - Faceoff Wins : 39 - Blocked Shots : 13 - Penalty Minutes : 12

Official

Referees : Chris Schlenker and Garrett Rank
Linesman : Greg Devorski and Mark Shewchyk

Game Notes

1:43 of 2nd period - Icehogs goal is going for a video replay. After video review, No Goal. The attacking player has interfered with a goalkeeper in his goal crease.
Pavel Francouz enters game at 10:03 of 2nd period

Finance

Level 1 -- Attendance: 1787 (89.35%) -- Ticket Income $62,545
Level 2 -- Attendance: 903 (90.30%) -- Ticket Income $13,545
Total Attendance: 2690 (89.67%)
Total Ticket Income: $76,090
Other Income: $3,804
Total Income: $79,894

Icehogs

5 vs 5 Forward 
   Center                   Left Wing                Right Wing               Time % Phy DF OF 
 1 Frederik Gauthier        Andrew Mangiapane        J.T. Brown               40     1   2  2  
 2 Tanner Richard           Mikhail Grigorenko       Hudson Fasching          30     1   2  2  
 3 Michael Chaput           Nick Paul                Nikita Scherbak          20     1   2  2  
 4 Dillon Dube              Myles Bell               Patrick Russell          10     1   2  2  

5 vs 5 Defense 
   Defense                  Defense                                           Time % Phy DF OF 
 1 Nick Mattson             Mike Reilly                                       40     1   2  2  
 2 Julius Honka             Patrick Sieloff                                   30     1   2  2  
 3 Duncan Siemens           Jeremy Davies                                     20     1   2  2  
 4 Calle Andersson          Nick Mattson                                      10     1   2  2  

PowerPlay Forward 
   Center                   Left Wing                Right Wing               Time % Phy DF OF 
 1 Frederik Gauthier        Andrew Mangiapane        J.T. Brown               60     1   2  2  
 2 Tanner Richard           Mikhail Grigorenko       Hudson Fasching          40     1   2  2  

PowerPlay Defense
   Defense                  Defense                                           Time % Phy DF OF 
 1 Nick Mattson             Mike Reilly                                       60     1   2  2  
 2 Julius Honka             Patrick Sieloff                                   40     1   2  2  

Penalty Kill 4 Players Forward 
   Center                   Wing                     Time % Phy DF OF 
 1 Frederik Gauthier        Tanner Richard           60     1   2  2  
 2 J.T. Brown               Andrew Mangiapane        40     1   2  2  

Penalty Kill 4 Players Defense
   Defense                  Defense                  Time % Phy DF OF 
 1 Nick Mattson             Mike Reilly              60     1   2  2  
 2 Julius Honka             Patrick Sieloff          40     1   2  2  

Penalty Kill - 3 Players Forward 
   Forward                                           Time % Phy DF OF 
 1 Frederik Gauthier                                 60     1   2  2  
 2 Tanner Richard                                    40     1   2  2  

Penalty Kill - 3 Players Defense
   Defense                  Defense                  Time % Phy DF OF 
 1 Nick Mattson             Mike Reilly              60     1   2  2  
 2 Julius Honka             Patrick Sieloff          40     1   2  2  

4 vs 4 Forward 
   Center                   Wing                     Time % Phy DF OF 
 1 Frederik Gauthier        Tanner Richard           60     1   2  2  
 2 J.T. Brown               Andrew Mangiapane        40     1   2  2  

4 vs 4 Defense
   Defense                  Defense                  Time % Phy DF OF 
 1 Nick Mattson             Mike Reilly              60     1   2  2  
 2 Julius Honka             Patrick Sieloff          40     1   2  2  

Last Minutes Offensive
   Center                   Left Wing                Right Wing               Defense                  Defense                  
   Frederik Gauthier        Andrew Mangiapane        J.T. Brown               Nick Mattson             Mike Reilly              

Last Minutes Defensive
   Center                   Left Wing                Right Wing               Defense                  Defense                  
   Frederik Gauthier        Andrew Mangiapane        J.T. Brown               Nick Mattson             Mike Reilly              

Goaltenders
Starting : Mark Visentin            
Backup : Mackenzie Blackwood      

Extra Forwards
Normal : Mattias Janmark, Andrew Poturalski, JJ. Piccinich - PP : Mattias Janmark, Andrew Poturalski - PK : JJ. Piccinich
Extra Defensemen
Normal : Duncan Siemens, Jeremy Davies, Calle Andersson - PP : Duncan Siemens - PK : Jeremy Davies, Calle Andersson
Penalty Shots
Frederik Gauthier, Tanner Richard, J.T. Brown, Andrew Mangiapane, Michael Chaput

Scratches
Clark Bishop (Healthy), Kristian Reichel (Healthy), Kurtis Gabriel (Lacerated Right Calf Injury), Ross Johnston (Healthy), Zach Whitecloud (Healthy)
Jackson Cates (Healthy), Mitchell Chaffee (Healthy), Michael Giugovaz (Healthy), Jack LaFontaine (Healthy)

Sound Tigers

5 vs 5 Forward 
   Center                   Left Wing                Right Wing               Time % Phy DF OF 
 1 Ryan Hartman             Alex Tuch                James Livingstone        40     1   2  2  
 2 Joe Labate               Garret Ross              Borna Rendulic           30     1   2  2  
 3 Pavel Kraskovsky         Ben Thomson              Ross Colton              20     1   2  2  
 4 Rhett Gardner            Tyrell Goulbourne        Josh Archibald           10     1   2  2  

5 vs 5 Defense 
   Defense                  Defense                                           Time % Phy DF OF 
 1 Slater Koekkoek          Gabriel Carlsson                                  40     1   2  2  
 2 Miro Heiskanen           Jakub Galvas                                      30     1   2  2  
 3 Casey Staum              Rhett Gardner                                     20     1   2  2  
 4 Slater Koekkoek          Gabriel Carlsson                                  10     1   2  2  

PowerPlay Forward 
   Center                   Left Wing                Right Wing               Time % Phy DF OF 
 1 Ryan Hartman             Alex Tuch                James Livingstone        60     1   2  2  
 2 Joe Labate               Garret Ross              Borna Rendulic           40     1   2  2  

PowerPlay Defense
   Defense                  Defense                                           Time % Phy DF OF 
 1 Slater Koekkoek          Gabriel Carlsson                                  60     1   2  2  
 2 Miro Heiskanen           Jakub Galvas                                      40     1   2  2  

Penalty Kill 4 Players Forward 
   Center                   Wing                     Time % Phy DF OF 
 1 Alex Tuch                Ryan Hartman             60     1   2  2  
 2 Garret Ross              James Livingstone        40     1   2  2  

Penalty Kill 4 Players Defense
   Defense                  Defense                  Time % Phy DF OF 
 1 Slater Koekkoek          Gabriel Carlsson         60     1   2  2  
 2 Miro Heiskanen           Jakub Galvas             40     1   2  2  

Penalty Kill - 3 Players Forward 
   Forward                                           Time % Phy DF OF 
 1 Alex Tuch                                         60     1   2  2  
 2 Ryan Hartman                                      40     1   2  2  

Penalty Kill - 3 Players Defense
   Defense                  Defense                  Time % Phy DF OF 
 1 Slater Koekkoek          Gabriel Carlsson         60     1   2  2  
 2 Miro Heiskanen           Jakub Galvas             40     1   2  2  

4 vs 4 Forward 
   Center                   Wing                     Time % Phy DF OF 
 1 Alex Tuch                Ryan Hartman             60     1   2  2  
 2 Garret Ross              James Livingstone        40     1   2  2  

4 vs 4 Defense
   Defense                  Defense                  Time % Phy DF OF 
 1 Slater Koekkoek          Gabriel Carlsson         60     1   2  2  
 2 Miro Heiskanen           Jakub Galvas             40     1   2  2  

Last Minutes Offensive
   Center                   Left Wing                Right Wing               Defense                  Defense                  
   Ryan Hartman             Alex Tuch                James Livingstone        Slater Koekkoek          Gabriel Carlsson         

Last Minutes Defensive
   Center                   Left Wing                Right Wing               Defense                  Defense                  
   Ryan Hartman             Alex Tuch                James Livingstone        Slater Koekkoek          Gabriel Carlsson         

Goaltenders
Starting : Chris Driedger           
Backup : Pavel Francouz           

Extra Forwards
Normal : Brad Ross, Ben Thomson, Ross Colton - PP : Brad Ross, Ben Thomson - PK : Ross Colton
Extra Defensemen
Normal : Casey Staum, Miro Heiskanen, Jakub Galvas - PP : Casey Staum - PK : Miro Heiskanen, Jakub Galvas
Penalty Shots
Alex Tuch, Ryan Hartman, Garret Ross, James Livingstone, Ben Thomson

Scratches
Alexander Yelesin (Broken Bone (Right Arm) Injury), Ben Johnson (Healthy), Blake Speers (Healthy), Alex Steeves (Healthy), Nick Blankenburg (Healthy)
Noah Cates (Healthy), Garret Pilon (Healthy), Brandon Gignac (Healthy), Stuart Skinner (Healthy), Sean Maguire (Healthy)

% Time on Ice - Icehogs

Lines # - Real PCT - Wanted PCT - Time Play
Normal Forward
1 - 35% - 40% - 15:15
2 - 27% - 30% - 12:02
3 - 23% - 20% - 10:08
4 - 15% - 10% - 6:29
Normal Defense
1 - 41% - 40% - 17:51
2 - 32% - 30% - 13:57
3 - 22% - 20% - 9:44
4 - 5% - 10% - 2:22
PP Forward
1 - 56% - 60% - 5:34
2 - 44% - 40% - 4:27
PP Defense
1 - 55% - 60% - 5:31
2 - 45% - 40% - 4:30
PK Forward
1 - 81% - 60% - 4:56
2 - 19% - 40% - 1:09
PK Defense
1 - 58% - 60% - 3:31
2 - 42% - 40% - 2:34
PK3 Forward
1 - 0% - 60%
2 - 0% - 40%
PK3 Defense
1 - 0% - 60%
2 - 0% - 40%
44 Forward
1 - 0% - 60%
2 - 0% - 40%
44 Defense
1 - 0% - 60%
2 - 0% - 40%
Last Minute Offensive  - 0:00
Last Minute Defensive  - 0:00
Total
Forward - 60:00
Defense - 60:00

% Time on Ice - Sound Tigers

Lines # - Real PCT - Wanted PCT - Time Play
Normal Forward
1 - 37% - 40% - 16:02
2 - 29% - 30% - 12:44
3 - 21% - 20% - 9:02
4 - 14% - 10% - 6:06
Normal Defense
1 - 40% - 40% - 17:27
2 - 37% - 30% - 16:03
3 - 21% - 20% - 9:22
4 - 2% - 10% - 1:02
PP Forward
1 - 53% - 60% - 3:15
2 - 47% - 40% - 2:50
PP Defense
1 - 52% - 60% - 3:08
2 - 48% - 40% - 2:57
PK Forward
1 - 75% - 60% - 7:32
2 - 25% - 40% - 2:29
PK Defense
1 - 55% - 60% - 5:28
2 - 45% - 40% - 4:33
PK3 Forward
1 - 0% - 60%
2 - 0% - 40%
PK3 Defense
1 - 0% - 60%
2 - 0% - 40%
44 Forward
1 - 0% - 60%
2 - 0% - 40%
44 Defense
1 - 0% - 60%
2 - 0% - 40%
Last Minute Offensive  - 0:00
Last Minute Defensive  - 0:00
Total
Forward - 60:00
Defense - 60:00

Play-by-Play

1st period


0:01 of 1st period - Ryan Hartman wins face-off versus Frederik Gauthier in neutral zone.
0:10 of 1st period - Slapshot by Ryan Hartman.
0:10 of 1st period - Shot Blocked by Mike Reilly.
0:12 of 1st period - Slapshot by Gabriel Carlsson.
0:12 of 1st period - Stopped by Mark Visentin with a rebound.
0:14 of 1st period - Slapshot by James Livingstone.
0:14 of 1st period - Stopped by Mark Visentin without a rebound.
0:15 of 1st period - Tanner Richard wins face-off versus Joe Labate in Icehogs zone.
0:48 of 1st period - Icing by Ben Thomson.
0:49 of 1st period - Michael Chaput wins face-off versus Pavel Kraskovsky in Sound Tigers zone.
0:58 of 1st period - Snap shot by Nick Paul.
0:58 of 1st period - Stopped by Chris Driedger with a rebound.
1:38 of 1st period - Snap shot by Myles Bell.
1:38 of 1st period - Shot Blocked by Gabriel Carlsson.
2:08 of 1st period - Slapshot by Hudson Fasching.
2:08 of 1st period - Stopped by Chris Driedger with a rebound.
2:40 of 1st period - Snap shot by Ben Thomson.
2:40 of 1st period - Deflect By Pavel Kraskovsky.
2:40 of 1st period - Stopped by Mark Visentin without a rebound.
2:41 of 1st period - Pavel Kraskovsky wins face-off versus Frederik Gauthier in Icehogs zone.
3:08 of 1st period - Ryan Hartman is hit by Tanner Richard and loses puck.
3:15 of 1st period - Wrist shot by Alex Tuch.
3:15 of 1st period - Shot Misses the Net.
3:31 of 1st period - Patrick Sieloff is hit by Joe Labate and loses puck.
5:16 of 1st period - Snap shot by J.T. Brown.
5:16 of 1st period - Shot Blocked by Rhett Gardner.
5:18 of 1st period - Snap shot by Frederik Gauthier.
5:18 of 1st period - Goal by Frederik Gauthier - Icehogs : 1 - Sound Tigers : 0.
5:19 of 1st period - Frederik Gauthier wins face-off versus Ryan Hartman in neutral zone.
5:22 of 1st period - Rhett Gardner is hit by Andrew Mangiapane and loses puck.
6:07 of 1st period - Wrist shot by Ben Thomson.
6:07 of 1st period - Deflect By Ross Colton.
6:07 of 1st period - Shot Misses the Net.
6:07 of 1st period - Puck is out of play.
6:08 of 1st period - Pavel Kraskovsky wins face-off versus Frederik Gauthier in Icehogs zone.
6:09 of 1st period - Wrist shot by Ben Thomson.
6:09 of 1st period - Stopped by Mark Visentin with a rebound.
7:00 of 1st period - Slapshot by Myles Bell.
7:00 of 1st period - Stopped by Chris Driedger without a rebound.
7:01 of 1st period - Dillon Dube wins face-off versus Joe Labate in Sound Tigers zone.
7:24 of 1st period - Myles Bell is hit by Borna Rendulic and loses puck.
7:35 of 1st period - Snap shot by Joe Labate.
7:35 of 1st period - Shot Misses the Net.
7:43 of 1st period - Snap shot by Myles Bell.
7:43 of 1st period - Shot Misses the Net.
7:45 of 1st period - Snap shot by Nick Mattson.
7:45 of 1st period - Shot Misses the Net.
7:53 of 1st period - Wrist shot by Myles Bell.
7:53 of 1st period - Stopped by Chris Driedger with a rebound.
7:55 of 1st period - Wrist shot by Myles Bell.
7:55 of 1st period - Shot Blocked by Rhett Gardner.
7:57 of 1st period - Wrist shot by Dillon Dube.
7:57 of 1st period - Goal by Dillon Dube - Icehogs : 2 - Sound Tigers : 0.
7:58 of 1st period - Ryan Hartman wins face-off versus Frederik Gauthier in neutral zone.
8:03 of 1st period - Julius Honka is hit by James Livingstone and loses puck.
8:32 of 1st period - Wrist shot by Tyrell Goulbourne.
8:32 of 1st period - Stopped by Mark Visentin with a rebound.
9:15 of 1st period - Off-side.
9:16 of 1st period - Joe Labate wins face-off versus Frederik Gauthier in neutral zone.
9:23 of 1st period - Snap shot by Joe Labate.
9:23 of 1st period - Stopped by Mark Visentin with a rebound.
9:25 of 1st period - Slapshot by Borna Rendulic.
9:25 of 1st period - Shot Misses the Net.
9:27 of 1st period - Slapshot by Jakub Galvas.
9:27 of 1st period - Shot Blocked by Duncan Siemens.
9:51 of 1st period - Frederik Gauthier is hit by Casey Staum and loses puck.
10:30 of 1st period - Wrist shot by Garret Ross.
10:30 of 1st period - Deflect By Frederik Gauthier.
10:30 of 1st period - Shot Misses the Net.
10:30 of 1st period - Puck is out of play.
10:31 of 1st period - Ryan Hartman wins face-off versus Tanner Richard in Icehogs zone.
10:56 of 1st period - Rhett Gardner is hit by Nikita Scherbak and loses puck.
11:03 of 1st period - Tyrell Goulbourne is hit by Michael Chaput and loses puck.
11:12 of 1st period - Gabriel Carlsson is hit by Nick Mattson and loses puck.
11:19 of 1st period - Minor Penalty to Rhett Gardner for Goalie Interference.
11:20 of 1st period - Tanner Richard wins face-off versus Alex Tuch in Sound Tigers zone.
11:51 of 1st period - Gabriel Carlsson is hit by J.T. Brown and loses puck.
13:19 of 1st period - Penalty to Rhett Gardner is over, Rhett Gardner is back on ice.
13:31 of 1st period - Wrist shot by Michael Chaput.
13:31 of 1st period - Stopped by Chris Driedger without a rebound.
13:32 of 1st period - Michael Chaput wins face-off versus Joe Labate in Sound Tigers zone.
13:51 of 1st period - Minor Penalty to Patrick Sieloff for Holding.
13:52 of 1st period - Ryan Hartman wins face-off versus Frederik Gauthier in Icehogs zone.
13:53 of 1st period - Snap shot by Alex Tuch.
13:53 of 1st period - Shot Misses the Net.
13:55 of 1st period - Slapshot by Slater Koekkoek.
13:55 of 1st period - Stopped by Mark Visentin with a rebound.
13:57 of 1st period - Wrist shot by Slater Koekkoek.
13:57 of 1st period - Shot Blocked by Frederik Gauthier.
13:59 of 1st period - Slapshot by Slater Koekkoek.
13:59 of 1st period - Goal by Slater Koekkoek - Icehogs : 2 - Sound Tigers : 1.
14:00 of 1st period - Ryan Hartman wins face-off versus Frederik Gauthier in neutral zone.
14:10 of 1st period - Minor Penalty to Andrew Mangiapane for Cross-checking.
14:11 of 1st period - Ryan Hartman wins face-off versus Frederik Gauthier in Icehogs zone.
14:37 of 1st period - Wrist shot by Garret Ross.
14:37 of 1st period - Stopped by Mark Visentin without a rebound.
14:38 of 1st period - Joe Labate wins face-off versus Frederik Gauthier in Icehogs zone.
15:40 of 1st period - Icing by Gabriel Carlsson.
15:41 of 1st period - James Livingstone wins face-off versus Frederik Gauthier in Sound Tigers zone.
15:46 of 1st period - Snap shot by Ryan Hartman.
15:46 of 1st period - Shot Hit the Post.
15:58 of 1st period - Wrist shot by Garret Ross.
15:58 of 1st period - Stopped by Mark Visentin without a rebound.
15:59 of 1st period - Joe Labate wins face-off versus Frederik Gauthier in Icehogs zone.
16:00 of 1st period - Wrist shot by Garret Ross.
16:00 of 1st period - Deflect By Borna Rendulic.
16:00 of 1st period - Shot Blocked by Mike Reilly.
16:00 of 1st period - Puck is out of play.
16:01 of 1st period - Frederik Gauthier wins face-off versus Garret Ross in Icehogs zone.
16:10 of 1st period - Penalty to Andrew Mangiapane is over, Andrew Mangiapane is back on ice.
16:31 of 1st period - Slapshot by Borna Rendulic.
16:31 of 1st period - Goal by Borna Rendulic - Icehogs : 2 - Sound Tigers : 2.
16:32 of 1st period - Alex Tuch wins face-off versus Frederik Gauthier in neutral zone.
17:05 of 1st period - Wrist shot by James Livingstone.
17:05 of 1st period - Stopped by Mark Visentin with a rebound.
17:07 of 1st period - Slapshot by Miro Heiskanen.
17:07 of 1st period - Shot Misses the Net.
17:09 of 1st period - Slapshot by Miro Heiskanen.
17:09 of 1st period - Deflect By Michael Chaput.
17:09 of 1st period - Stopped by Mark Visentin without a rebound.
17:10 of 1st period - Pavel Kraskovsky wins face-off versus Tanner Richard in Icehogs zone.
17:17 of 1st period - Snap shot by Ben Thomson.
17:17 of 1st period - Stopped by Mark Visentin with a rebound.
17:19 of 1st period - Slapshot by Gabriel Carlsson.
17:19 of 1st period - Shot Misses the Net.
17:21 of 1st period - Slapshot by Gabriel Carlsson.
17:21 of 1st period - Stopped by Mark Visentin with a rebound.
17:25 of 1st period - Wrist shot by Pavel Kraskovsky.
17:25 of 1st period - Shot Misses the Net.
19:19 of 1st period - Off-side.
19:20 of 1st period - Rhett Gardner wins face-off versus Michael Chaput in neutral zone.
19:57 of 1st period - Nick Mattson is hit by Slater Koekkoek.
Goals for this period are 2 for Icehogs vs 2 for Sound Tigers.
Shots for this period are 7 for Icehogs vs 15 for Sound Tigers.

2nd period


0:01 of 2nd period - Frederik Gauthier wins face-off versus Ryan Hartman in neutral zone.
0:26 of 2nd period - Slater Koekkoek is hit by Nikita Scherbak and loses puck.
0:59 of 2nd period - Rhett Gardner is hit by Tanner Richard and loses puck.
1:17 of 2nd period - Wrist shot by Ryan Hartman.
1:17 of 2nd period - Stopped by Mark Visentin without a rebound.
1:18 of 2nd period - Pavel Kraskovsky wins face-off versus Frederik Gauthier in Icehogs zone.
1:31 of 2nd period - Wrist shot by Andrew Mangiapane.
1:31 of 2nd period - Deflect By Frederik Gauthier.
1:31 of 2nd period - Shot Blocked by Gabriel Carlsson.
1:31 of 2nd period - Puck is out of play.
1:32 of 2nd period - Frederik Gauthier wins face-off versus Ryan Hartman in Sound Tigers zone.
1:35 of 2nd period - Slapshot by J.T. Brown.
1:35 of 2nd period - Shot Misses the Net.
1:37 of 2nd period - Minor Penalty to James Livingstone for Hooking.
1:38 of 2nd period - Frederik Gauthier wins face-off versus Alex Tuch in Sound Tigers zone.
1:39 of 2nd period - Snap shot by J.T. Brown.
1:39 of 2nd period - Shot Misses the Net.
1:41 of 2nd period - Backhand shot by Frederik Gauthier.
1:41 of 2nd period - Shot Misses the Net.
1:43 of 2nd period - Snap shot by Andrew Mangiapane.
1:43 of 2nd period - Icehogs goal is going for a video replay.
1:43 of 2nd period - The goal is refused. The attacking player has interfered with a goalkeeper in his goal crease..
1:44 of 2nd period - Alex Tuch wins face-off versus Frederik Gauthier in Sound Tigers zone.
2:13 of 2nd period - Snap shot by Nick Mattson.
2:13 of 2nd period - Stopped by Chris Driedger with a rebound.
2:15 of 2nd period - Snap shot by Hudson Fasching.
2:15 of 2nd period - Shot Misses the Net.
2:59 of 2nd period - Jakub Galvas is hit by Hudson Fasching and loses puck.
3:10 of 2nd period - Mike Reilly is hit by Garret Ross.
3:37 of 2nd period - Penalty to James Livingstone is over, James Livingstone is back on ice.
3:55 of 2nd period - Nick Paul is hit by Tyrell Goulbourne and loses puck.
4:25 of 2nd period - Icing by Duncan Siemens.
4:26 of 2nd period - Dillon Dube wins face-off versus Joe Labate in Icehogs zone.
4:37 of 2nd period - Michael Chaput is hit by Garret Ross and loses puck.
5:36 of 2nd period - Slapshot by Gabriel Carlsson.
5:36 of 2nd period - Shot Misses the Net.
5:57 of 2nd period - Nikita Scherbak is hit by Garret Ross and loses puck.
6:08 of 2nd period - Miro Heiskanen is hit by Nick Paul.
6:28 of 2nd period - Snap shot by Michael Chaput.
6:28 of 2nd period - Shot Blocked by Alex Tuch.
7:16 of 2nd period - Icing by Mikhail Grigorenko.
7:17 of 2nd period - Dillon Dube wins face-off versus Ryan Hartman in Icehogs zone.
7:46 of 2nd period - Snap shot by Frederik Gauthier.
7:46 of 2nd period - Stopped by Chris Driedger without a rebound.
7:47 of 2nd period - Joe Labate wins face-off versus Frederik Gauthier in Sound Tigers zone.
7:52 of 2nd period - Snap shot by Garret Ross.
7:52 of 2nd period - Stopped by Mark Visentin with a rebound.
7:54 of 2nd period - Slapshot by Gabriel Carlsson.
7:54 of 2nd period - Shot Blocked by Duncan Siemens.
7:56 of 2nd period - Snap shot by Joe Labate.
7:56 of 2nd period - Shot Blocked by Jeremy Davies.
8:12 of 2nd period - Wrist shot by Joe Labate.
8:12 of 2nd period - Shot Blocked by Duncan Siemens.
8:14 of 2nd period - Slapshot by Miro Heiskanen.
8:14 of 2nd period - Shot Misses the Net.
8:26 of 2nd period - Wrist shot by Garret Ross.
8:26 of 2nd period - Shot Blocked by Duncan Siemens.
8:28 of 2nd period - Slapshot by Miro Heiskanen.
8:28 of 2nd period - Shot Misses the Net.
8:34 of 2nd period - Wrist shot by Andrew Mangiapane.
8:34 of 2nd period - Shot Misses the Net.
8:36 of 2nd period - Slapshot by J.T. Brown.
8:36 of 2nd period - Goal by J.T. Brown - Icehogs : 3 - Sound Tigers : 2.
8:37 of 2nd period - Ryan Hartman wins face-off versus Tanner Richard in neutral zone.
9:16 of 2nd period - Ben Thomson is hit by Nick Mattson and loses puck.
9:33 of 2nd period - Snap shot by Myles Bell.
9:33 of 2nd period - Shot Blocked by Slater Koekkoek.
9:35 of 2nd period - Slapshot by Patrick Sieloff.
9:35 of 2nd period - Deflect By Dillon Dube.
9:35 of 2nd period - Shot Misses the Net.
9:35 of 2nd period - Puck is out of play.
9:36 of 2nd period - Ryan Hartman wins face-off versus Frederik Gauthier in Sound Tigers zone.
9:57 of 2nd period - Minor Penalty to Miro Heiskanen for Hooking.
9:58 of 2nd period - Frederik Gauthier wins face-off versus Alex Tuch in Sound Tigers zone.
10:03 of 2nd period - Wrist shot by Frederik Gauthier.
10:03 of 2nd period - Goal by Frederik Gauthier - Icehogs : 4 - Sound Tigers : 2.
10:03 of 2nd period - Pavel Francouz enters game.
10:04 of 2nd period - Frederik Gauthier wins face-off versus Ryan Hartman in neutral zone.
10:09 of 2nd period - Wrist shot by Frederik Gauthier.
10:09 of 2nd period - Stopped by Pavel Francouz with a rebound.
10:30 of 2nd period - Snap shot by Ben Thomson.
10:30 of 2nd period - Shot Misses the Net.
10:32 of 2nd period - Slapshot by Ross Colton.
10:32 of 2nd period - Shot Misses the Net.
10:34 of 2nd period - Slapshot by Pavel Kraskovsky.
10:34 of 2nd period - Deflect By Ross Colton.
10:34 of 2nd period - Shot Misses the Net.
10:34 of 2nd period - Puck is out of play.
10:35 of 2nd period - Tanner Richard wins face-off versus Pavel Kraskovsky in Icehogs zone.
10:40 of 2nd period - Wrist shot by Ben Thomson.
10:40 of 2nd period - Deflect By Hudson Fasching.
10:40 of 2nd period - Shot Misses the Net.
10:40 of 2nd period - Puck is out of play.
10:41 of 2nd period - Tanner Richard wins face-off versus Ryan Hartman in Icehogs zone.
11:10 of 2nd period - Slapshot by Patrick Sieloff.
11:10 of 2nd period - Stopped by Pavel Francouz with a rebound.
11:23 of 2nd period - Icing by Patrick Sieloff.
11:24 of 2nd period - Michael Chaput wins face-off versus Pavel Kraskovsky in Icehogs zone.
11:38 of 2nd period - Minor Penalty to Jakub Galvas for Interference.
11:39 of 2nd period - Andrew Mangiapane wins face-off versus Alex Tuch in Sound Tigers zone.
11:52 of 2nd period - Slapshot by Mike Reilly.
11:52 of 2nd period - Shot Blocked by Slater Koekkoek.
11:54 of 2nd period - Snap shot by J.T. Brown.
11:54 of 2nd period - Shot Blocked by Alex Tuch.
12:42 of 2nd period - Gabriel Carlsson is hit by Julius Honka and loses puck.
13:04 of 2nd period - Icing by Nick Mattson.
13:05 of 2nd period - Ross Colton wins face-off versus Hudson Fasching in Icehogs zone.
13:14 of 2nd period - Ryan Hartman is hit by Hudson Fasching and loses puck.
13:38 of 2nd period - Penalty to Jakub Galvas is over, Jakub Galvas is back on ice.
13:56 of 2nd period - Wrist shot by Nick Paul.
13:56 of 2nd period - Stopped by Pavel Francouz without a rebound.
13:57 of 2nd period - Tanner Richard wins face-off versus Joe Labate in Sound Tigers zone.
14:00 of 2nd period - Slapshot by Mikhail Grigorenko.
14:00 of 2nd period - Stopped by Pavel Francouz with a rebound.
14:35 of 2nd period - Wrist shot by Michael Chaput.
14:35 of 2nd period - Stopped by Pavel Francouz with a rebound.
14:49 of 2nd period - Snap shot by J.T. Brown.
14:49 of 2nd period - Shot Misses the Net.
14:51 of 2nd period - Slapshot by Nick Mattson.
14:51 of 2nd period - Stopped by Pavel Francouz without a rebound.
14:52 of 2nd period - Tanner Richard wins face-off versus Ryan Hartman in Sound Tigers zone.
15:19 of 2nd period - Garret Ross is hit by Andrew Mangiapane and loses puck.
15:48 of 2nd period - Slapshot by Pavel Kraskovsky.
15:48 of 2nd period - Stopped by Mark Visentin with a rebound.
15:50 of 2nd period - Wrist shot by Miro Heiskanen.
15:50 of 2nd period - Stopped by Mark Visentin without a rebound.
15:51 of 2nd period - Ryan Hartman wins face-off versus Andrew Mangiapane in Icehogs zone.
15:52 of 2nd period - Wrist shot by Alex Tuch.
15:52 of 2nd period - Shot Blocked by Nick Mattson.
15:55 of 2nd period - Icing by Nick Mattson.
15:56 of 2nd period - Alex Tuch wins face-off versus Frederik Gauthier in Icehogs zone.
16:01 of 2nd period - Slapshot by Ryan Hartman.
16:01 of 2nd period - Stopped by Mark Visentin without a rebound.
16:02 of 2nd period - Ryan Hartman wins face-off versus Frederik Gauthier in Icehogs zone.
16:17 of 2nd period - Snap shot by Frederik Gauthier.
16:17 of 2nd period - Shot Blocked by Gabriel Carlsson.
16:27 of 2nd period - Gabriel Carlsson is hit by Tanner Richard and loses puck.
16:34 of 2nd period - Joe Labate is hit by Hudson Fasching and loses puck.
18:02 of 2nd period - Wrist shot by J.T. Brown.
18:02 of 2nd period - Shot Blocked by Josh Archibald.
18:25 of 2nd period - Josh Archibald is hit by Julius Honka.
18:33 of 2nd period - Snap shot by Tyrell Goulbourne.
18:33 of 2nd period - Shot Misses the Net.
18:35 of 2nd period - Snap shot by Rhett Gardner.
18:35 of 2nd period - Stopped by Mark Visentin with a rebound.
18:37 of 2nd period - Slapshot by Rhett Gardner.
18:37 of 2nd period - Deflect By Tyrell Goulbourne.
18:37 of 2nd period - Shot Blocked by Julius Honka.
18:37 of 2nd period - Puck is out of play.
18:38 of 2nd period - Ryan Hartman wins face-off versus Tanner Richard in Icehogs zone.
19:10 of 2nd period - Snap shot by Garret Ross.
19:10 of 2nd period - Shot Misses the Net.
19:12 of 2nd period - Slapshot by Miro Heiskanen.
19:12 of 2nd period - Stopped by Mark Visentin without a rebound.
19:13 of 2nd period - Ryan Hartman wins face-off versus Tanner Richard in Icehogs zone.
19:14 of 2nd period - Snap shot by Alex Tuch.
19:14 of 2nd period - Shot Misses the Net.
19:28 of 2nd period - Snap shot by James Livingstone.
19:28 of 2nd period - Shot Misses the Net.
19:35 of 2nd period - Icing by Hudson Fasching.
19:36 of 2nd period - Tanner Richard wins face-off versus Joe Labate in Icehogs zone.
19:45 of 2nd period - Snap shot by Myles Bell.
19:45 of 2nd period - Deflect By Patrick Russell.
19:45 of 2nd period - Goal by Patrick Russell - Icehogs : 5 - Sound Tigers : 2.
19:46 of 2nd period - Ryan Hartman wins face-off versus Frederik Gauthier in neutral zone.
19:51 of 2nd period - Wrist shot by Alex Tuch.
19:51 of 2nd period - Stopped by Mark Visentin without a rebound.
19:52 of 2nd period - Ryan Hartman wins face-off versus Frederik Gauthier in Icehogs zone.
Goals for this period are 3 for Icehogs vs 0 for Sound Tigers.
Shots for this period are 12 for Icehogs vs 8 for Sound Tigers.

3rd period


0:01 of 3rd period - Ryan Hartman wins face-off versus Tanner Richard in neutral zone.
0:26 of 3rd period - Ryan Hartman is hit by Nikita Scherbak and loses puck.
0:37 of 3rd period - Snap shot by Nick Paul.
0:37 of 3rd period - Shot Misses the Net.
0:39 of 3rd period - Wrist shot by Nick Paul.
0:39 of 3rd period - Stopped by Pavel Francouz without a rebound.
0:40 of 3rd period - Frederik Gauthier wins face-off versus Joe Labate in Sound Tigers zone.
1:16 of 3rd period - Slapshot by Mike Reilly.
1:16 of 3rd period - Stopped by Pavel Francouz with a rebound.
2:02 of 3rd period - Icing by James Livingstone.
2:03 of 3rd period - Frederik Gauthier wins face-off versus Ryan Hartman in Sound Tigers zone.
2:10 of 3rd period - Snap shot by Andrew Mangiapane.
2:10 of 3rd period - Shot Misses the Net.
2:12 of 3rd period - Wrist shot by Julius Honka.
2:12 of 3rd period - Stopped by Pavel Francouz with a rebound.
2:21 of 3rd period - Minor Penalty to Ryan Hartman for Hooking.
2:22 of 3rd period - Alex Tuch wins face-off versus Frederik Gauthier in Sound Tigers zone.
2:38 of 3rd period - Snap shot by J.T. Brown.
2:38 of 3rd period - Stopped by Pavel Francouz with a rebound.
3:19 of 3rd period - Icing by Patrick Sieloff.
3:20 of 3rd period - Joe Labate wins face-off versus Tanner Richard in Icehogs zone.
3:43 of 3rd period - Slater Koekkoek is hit by Julius Honka and loses puck.
4:21 of 3rd period - Penalty to Ryan Hartman is over, Ryan Hartman is back on ice.
4:30 of 3rd period - Minor Penalty to Nick Mattson for Hooking.
4:31 of 3rd period - Ryan Hartman wins face-off versus Frederik Gauthier in Icehogs zone.
4:33 of 3rd period - Backhand shot by Ryan Hartman.
4:33 of 3rd period - Shot Blocked by Tanner Richard.
4:35 of 3rd period - Snap shot by Ryan Hartman.
4:35 of 3rd period - Shot Hit the Post.
4:37 of 3rd period - Backhand shot by James Livingstone.
4:37 of 3rd period - Stopped by Mark Visentin with a rebound.
4:39 of 3rd period - Slapshot by Slater Koekkoek.
4:39 of 3rd period - Shot Blocked by Mike Reilly.
6:30 of 3rd period - Penalty to Nick Mattson is over, Nick Mattson is back on ice.
6:47 of 3rd period - Icing by Miro Heiskanen.
6:48 of 3rd period - Dillon Dube wins face-off versus Ross Colton in Sound Tigers zone.
6:49 of 3rd period - Wrist shot by Patrick Sieloff.
6:49 of 3rd period - Deflect By Jakub Galvas.
6:49 of 3rd period - Stopped by Pavel Francouz with a rebound.
6:53 of 3rd period - Wrist shot by Myles Bell.
6:53 of 3rd period - Deflect By Pavel Kraskovsky.
6:53 of 3rd period - Shot Misses the Net.
6:53 of 3rd period - Puck is out of play.
6:54 of 3rd period - Pavel Kraskovsky wins face-off versus Dillon Dube in Sound Tigers zone.
7:01 of 3rd period - Patrick Sieloff is hit by Gabriel Carlsson and loses puck.
7:41 of 3rd period - Wrist shot by Tanner Richard.
7:41 of 3rd period - Stopped by Pavel Francouz with a rebound.
7:43 of 3rd period - Wrist shot by Mikhail Grigorenko.
7:43 of 3rd period - Shot Misses the Net.
7:45 of 3rd period - Snap shot by Hudson Fasching.
7:45 of 3rd period - Stopped by Pavel Francouz with a rebound.
7:47 of 3rd period - Slapshot by Julius Honka.
7:47 of 3rd period - Stopped by Pavel Francouz without a rebound.
7:48 of 3rd period - Tanner Richard wins face-off versus Ryan Hartman in Sound Tigers zone.
8:20 of 3rd period - Snap shot by Joe Labate.
8:20 of 3rd period - Deflect By J.T. Brown.
8:20 of 3rd period - Shot Blocked by Jeremy Davies.
8:20 of 3rd period - Puck is out of play.
8:21 of 3rd period - Frederik Gauthier wins face-off versus Joe Labate in Icehogs zone.
8:30 of 3rd period - Wrist shot by Joe Labate.
8:30 of 3rd period - Shot Blocked by Andrew Mangiapane.
8:32 of 3rd period - Snap shot by Joe Labate.
8:32 of 3rd period - Deflect By Borna Rendulic.
8:32 of 3rd period - Goal by Borna Rendulic - Icehogs : 5 - Sound Tigers : 3.
8:33 of 3rd period - Ryan Hartman wins face-off versus J.T. Brown in neutral zone.
9:05 of 3rd period - Wrist shot by Hudson Fasching.
9:05 of 3rd period - Deflect By Mikhail Grigorenko.
9:05 of 3rd period - Shot Blocked by Miro Heiskanen.
9:05 of 3rd period - Puck is out of play.
9:06 of 3rd period - Ryan Hartman wins face-off versus Tanner Richard in Sound Tigers zone.
9:15 of 3rd period - Snap shot by Tanner Richard.
9:15 of 3rd period - Shot Blocked by James Livingstone.
9:17 of 3rd period - Wrist shot by Hudson Fasching.
9:17 of 3rd period - Goal by Hudson Fasching - Icehogs : 6 - Sound Tigers : 3.
9:18 of 3rd period - Ryan Hartman wins face-off versus Frederik Gauthier in neutral zone.
10:07 of 3rd period - Wrist shot by Pavel Kraskovsky.
10:07 of 3rd period - Goal by Pavel Kraskovsky - Icehogs : 6 - Sound Tigers : 4.
10:08 of 3rd period - Frederik Gauthier wins face-off versus Ryan Hartman in neutral zone.
10:11 of 3rd period - Wrist shot by J.T. Brown.
10:11 of 3rd period - Stopped by Pavel Francouz with a rebound.
11:16 of 3rd period - Slapshot by Mike Reilly.
11:16 of 3rd period - Deflect By Dillon Dube.
11:16 of 3rd period - Shot Blocked by Casey Staum.
11:16 of 3rd period - Puck is out of play.
11:17 of 3rd period - Dillon Dube wins face-off versus Ryan Hartman in Sound Tigers zone.
11:46 of 3rd period - Wrist shot by James Livingstone.
11:46 of 3rd period - Shot Misses the Net.
11:48 of 3rd period - Snap shot by James Livingstone.
11:48 of 3rd period - Shot Misses the Net.
11:50 of 3rd period - Snap shot by Alex Tuch.
11:50 of 3rd period - Stopped by Mark Visentin without a rebound.
11:51 of 3rd period - Joe Labate wins face-off versus Frederik Gauthier in Icehogs zone.
11:52 of 3rd period - Snap shot by Garret Ross.
11:52 of 3rd period - Shot Misses the Net.
12:34 of 3rd period - Minor Penalty to Jakub Galvas for Tripping.
12:35 of 3rd period - Alex Tuch wins face-off versus Frederik Gauthier in Sound Tigers zone.
12:43 of 3rd period - Backhand shot by Ryan Hartman.
12:43 of 3rd period - Shot Blocked by Patrick Sieloff.
12:51 of 3rd period - Wrist shot by J.T. Brown.
12:51 of 3rd period - Shot Misses the Net.
13:50 of 3rd period - Miro Heiskanen is hit by Julius Honka and loses puck.
14:28 of 3rd period - Icing by Andrew Mangiapane.
14:29 of 3rd period - Andrew Mangiapane wins face-off versus Joe Labate in Icehogs zone.
14:34 of 3rd period - Penalty to Jakub Galvas is over, Jakub Galvas is back on ice.
14:34 of 3rd period - Greg Pateryn is hit by Nick Mattson and loses puck.
15:56 of 3rd period - Slapshot by Tyrell Goulbourne.
15:56 of 3rd period - Stopped by Mark Visentin without a rebound.
15:57 of 3rd period - Brad Ross wins face-off versus Michael Chaput in Icehogs zone.
16:01 of 3rd period - Minor Penalty to Duncan Siemens for Roughing.
16:02 of 3rd period - Frederik Gauthier wins face-off versus Alex Tuch in Icehogs zone.
16:12 of 3rd period - Snap shot by Ryan Hartman.
16:12 of 3rd period - Shot Misses the Net.
16:37 of 3rd period - Andrew Mangiapane is hit by Joe Labate and loses puck.
18:01 of 3rd period - Penalty to Duncan Siemens is over, Duncan Siemens is back on ice.
18:10 of 3rd period - Tyrell Goulbourne is hit by Myles Bell and loses puck.
18:57 of 3rd period - Jakub Galvas is hit by Michael Chaput and loses puck.
Goals for this period are 1 for Icehogs vs 2 for Sound Tigers.
Shots for this period are 10 for Icehogs vs 5 for Sound Tigers.